 Dungeon Crawl Stone Soup version 0.27-a0-920-gb2bd10914a (webtiles) character file.

Game seed: 6520831960123627826

116 robertstho the Magician (level 5, -4/35 HPs)
             Began as a Djinni Fire Elementalist on Apr 9, 2021.
             Slain by Sigmund
             ... wielding a +1 scythe of protection
              (7 damage)
             ... on level 3 of the Dungeon.
             The game lasted 00:03:21 (2739 turns).

robertstho the Magician (Djinni Fire Elementalist)  Turns: 2739, Time: 00:03:21

Health: -4/35      AC:  4    Str:  7    XL:     5   Next: 0%
Gold:   54         EV: 12    Int: 17    God:
                   SH:  0    Dex: 14

rFire    + + .     SeeInvis .   c - +0 short sword
rCold    x . .     Faith    .   (no shield)
rNeg     . . .     Spirit   .   a - +0 robe
rPois    ∞         Reflect  .   (no helmet)
rElec    .         Harm     .   (no cloak)
rCorr    .         Rampage  .   l - +1 pair of gloves
Will     .....                  (boots unavailable)
Stlth    ++........             (no amulet)
HPRegen  0.11/turn              (no ring)
MPRegen  0.00/turn              (no ring)

@: about to teleport, flying, very slightly contaminated
A: fire resistance 2, cold vulnerability 1, float, innate caster, hp casting,
extra vitality 1
a: no special abilities


You were on level 3 of the Dungeon.
You visited 1 branch of the dungeon, and saw 3 of its levels.

You collected 54 gold pieces.

Inventory:

Hand Weapons
 c - a +0 short sword (weapon)
Armour
 a - a +0 robe (worn)
 l - a +1 pair of gloves (worn)
Jewellery
 k - an amulet of regeneration
Scrolls
 h - a scroll of teleportation
 i - a scroll of enchant weapon {unknown}
 j - a scroll of fear {unknown}
 n - a scroll of noise {unknown}
Potions
 b - 2 potions of haste {unknown}
 d - a potion of lignification {unknown}
 e - a potion of might {unknown}
 f - 2 potions of ambrosia {unknown}
 m - a potion of brilliance {unknown}


   Skills:
 + Level 0.2 Fighting
 + Level 2.6 Dodging
 + Level 2.0 Stealth
 + Level 4.4 Spellcasting


You couldn't memorise any spells.
You knew the following spells:

 Your Spells              Type           Power      Damage    Failure   Level
a - Foxfire               Conj/Fire      72%        2x1d7     2%          1
b - Conjure Flame         Conj/Fire      18%        6-21      8%          3
c - Inner Flame           Hex/Fire       18%        N/A       8%          3
d - Sticky Flame          Conj/Fire      18%        2d4       24%         4
e - Fireball              Conj/Fire      9%         3d6       56%         5
f - Apportation           Tloc           36%        N/A       2%          1
g - Slow                  Hex            18%        N/A       3%          2
Your spell library was empty.

Dungeon Overview and Level Annotations

Branches:
Dungeon (3/15)

Altars:

Annotations:
D:3 Robin, Sigmund


Innate Abilities, Weirdness & Mutations

You are immune to poison.
Your flesh is very heat resistant. (rF++)
You are vulnerable to cold. (rC-)
You float through the air rather than walking.
You learn spells naturally, not from books.
Your magical power is your life essence.
You have superior vitality. (+4 HP)


Message History

Sigmund is heavily wounded.
The foxfire hits Sigmund but does no damage.
Sigmund is heavily wounded.
Casting: Foxfire (safe; 2% risk of failure)
Confirm with . or Enter, or press ? or * to list all spells.
You conjure some foxfire!
Sigmund barely misses you.
The foxfire hits Sigmund.
Sigmund is severely wounded.
The foxfire hits Sigmund.
Sigmund is severely wounded.
Casting: Foxfire (safe; 2% risk of failure)
Confirm with . or Enter, or press ? or * to list all spells.
You conjure some foxfire!
* * * LOW HITPOINT WARNING * * *
Sigmund gestures at himself while chanting.
Sigmund flickers and vanishes!
Deactivating autopickup; reactivate with Ctrl-A.
The foxfire hits something but does no damage. x2
A puff of flame appears from out of thin air!
The puff of flame hits you. You resist.
* * * LOW HITPOINT WARNING * * *
Casting: Foxfire (safe; 2% risk of failure)
Confirm with . or Enter, or press ? or * to list all spells.
You miscast Foxfire.
You are very lightly contaminated with residual magic.
Nothing appears to happen.
* * * LOW HITPOINT WARNING * * *
A goblin comes into view. It is wielding a +0 dagger.
You feel better. Something hits you.
Casting: Foxfire (safe; 2% risk of failure)
Confirm with . or Enter, or press ? or * to list all spells.
You conjure some foxfire!
* * * LOW HITPOINT WARNING * * *
Something hits you!
* * * LOW HITPOINT WARNING * * *
The foxfire hits something but does no damage. x2
As you read the scroll labelled AZUM GEISS, it crumbles to dust.
You feel strangely unstable.
It was a scroll of teleportation.
Something hits you!
You die...

........#.# #># .######.#.# #.#
.# .# #.#.# #.# .# .######.#.#
#.# ?# ........#[# #.# .#
##...#.[#.# ######.## .#
........#.#####....g..# .#
......................####.####
........#>#####.@.{...........#
#...†#<.........§§..........#.#
.#........#####.§§....####).#
#.....................# .....
#..###(.###.###.......# #.#.##
#..# #......# #.####### .#.#
#..####.###.# #.# .# #
........###.###.# .#
#..##.#.........#


You could see a goblin.

Vanquished Creatures
  An orc priest (D:3)
  5 adders
  2 orcs (D:3)
  8 ball pythons
  4 endoplasms
  3 hobgoblins
  6 kobolds
  2 quokkas (D:2)
  5 bats
  2 frilled lizards
  2 goblins (D:2)
  4 rats
44 creatures vanquished.

Vanquished Creatures (others)
  165 foxfires
165 creatures vanquished.

Grand Total: 209 creatures vanquished

Notes
Turn   | Place    | Note
-------+----------+-------------------------------------------
     0 | D:1      | robertstho the Djinni Fire Elementalist began the quest for
                  | the Orb.
     0 | D:1      | Reached XP level 1. HP: 15/15 MP: 0/0
   389 | D:1      | Reached skill level 3 in Spellcasting
   389 | D:1      | Reached XP level 2. HP: 20/21 MP: 0/0
  1039 | D:2      | Reached XP level 3. HP: 24/25 MP: 0/0
  1039 | D:2      | Learned a level 1 spell: Apportation
  1950 | D:2      | Reached XP level 4. HP: 30/31 MP: 0/0
  2006 | D:3      | Noticed Robin
  2125 | D:3      | Reached skill level 4 in Spellcasting
  2707 | D:3      | Noticed Sigmund
  2709 | D:3      | Reached XP level 5. HP: 34/35 MP: 0/0
  2709 | D:3      | Learned a level 2 spell: Slow
  2739 | D:3      | Slain by Sigmund

Illustrated notes

Levels and vault maps discovered:
D:1:      dpeg_chamrin_arrival_tetris, layout_rooms
D:2:      layout_loops_ring, minmay_tetromino_i4
D:3:      layout_loops_ring, uniq_robin, uniq_sigmund

Skill      XL: |  1  2  3  4 |
---------------+-------------+-----
Spellcasting   | 3 4 |  4.4
Stealth        | 2 |  2.0
Fighting       | |  0.2
Dodging        | |  2.6

Action                   |  1- 3 |  4- 6 || total
-------------------------+-------+-------++-------
Melee: Short sword       |       |     1 ||     1
 Cast: Foxfire           |    66 |    35 ||   101
  Use: Potion            |       |     3 ||     3
       Scroll            |       |     1 ||     1
Armor: Robe              |     6 |     4 ||    10
Dodge: Dodged            |    21 |    13 ||    34

Table legend: (Time is in decaauts)
 A = Elapsed time spent in this place.
 B = Non-inter-level travel time spent in this place.
 C = Inter-level travel time spent in this place.
 D = Time resting spent in this place.
 E = Time spent auto-exploring this place.
 F = Levels seen in this place.
 G = Mean time per level.
                   A        B        C        D        E       F      G
               +--------+--------+--------+--------+--------+-----+--------+
         Total |   2739 |   2642 |     97 |    261 |   2030 |   3 |  913.0 |
       Dungeon |   2739 |   2642 |     97 |    261 |   2030 |   3 |  913.0 |
               +--------+--------+--------+--------+--------+-----+--------+

Top non-repeatable levels by time:
     D:2: 1255 daAuts
     D:1: 786 daAuts
     D:3: 697 daAuts
